 Dungeon Crawl Stone Soup version bcrawl-1.21.2-28-g2cb1824106 (webtiles) character file.

Game seed: 7926261552919995991

21 MisterOstroum the Sneak (level 2, 0/23 HPs)
             Began as a Mummy Sloth Apostle on Mar 13, 2020.
             Was an Initiate of Cheibriados.
             Slain by a jackal (2 damage)
             ... on level 1 of the Dungeon.
             The game lasted 00:01:52 (1264 turns).

MisterOstroum the Sneak (Mummy Sloth Apostle)       Turns: 1264, Time: 00:01:52

Health: 0/23       AC:  3    Str: 16    XL:     2   Next: 65%
Magic:  4/4        EV: 11    Int: 12    God:    Cheibriados [......]
Gold:   188        SH:  0    Dex: 12    Spells: 2/3 levels left

rFire    x . .     SeeInvis .   h - +2 dagger (drain)
rCold    + . .     Gourm    .   (no shield)
rNeg     + + +     Faith    .   b - +0 robe
rPois    ∞         Spirit   .   i - +0 helmet
rElec    .         Reflect  .   (no cloak)
rCorr    .         Harm     .   (no gloves)
MR       .....     Clarity  +   (no boots)
Stlth    ++........             (no amulet)
HPRegen  0.07/turn              (no ring)
MPRegen  0.09/turn              (no ring)

@: very slow
A: no food or potions, fire vulnerability, clarity, cold resistance 1, negative
energy resistance 3, torment resistance, unbreathing
a: Bend Time, Renounce Religion


You were on level 1 of the Dungeon.
You worshipped Cheibriados.
Cheibriados was noncommittal.
You were not hungry.

You visited 1 branch of the dungeon, and saw 2 of its levels.

You collected 188 gold pieces.

Inventory:

Hand Weapons
 a - a +0 spear
 h - a +2 dagger of draining (weapon)
Missiles
 f - 436 stones (quivered)
Armour
 b - a +0 robe (worn)
 c - a +0 medium shield
 i - a +0 helmet (worn)
 k - a +0 scale mail
Wands
 d - a wand of paralysis (9)
Scrolls
 e - 3 scrolls of identify {unknown}
 g - a scroll of amnesia {unknown}
 j - a scroll of remove curse {unknown}


   Skills:
 * Level 2.4 Fighting
 - Level 1.7 Polearms
 + Level 0.4 Dodging
 - Level 3.0 Stealth
 - Level 1.5 Shields
 - Level 1.3 Spellcasting
 - Level 0.8 Hexes
 + Level 1.0 Evocations


You had 2 spell levels left.
You knew the following spells:

 Your Spells              Type           Power        Failure   Level  Hunger
a - Slow                  Hex            #.......     21%         1    N/A
Your spell library was empty.

Dungeon Overview and Level Annotations

Branches:
Dungeon (2/12)

Altars:
Nemelex Xobeh


Innate Abilities, Weirdness & Mutations

You do not eat or drink.
Your flesh is vulnerable to fire.
You are immune to poison.
You possess an exceptional clarity of mind.
Your flesh is cold resistant. (rC+)
You are immune to negative energy. (rN+++)
You are immune to unholy pain and torment.
You can survive without breathing.


Message History

Found a ration.
The jackal barks!
The hobgoblin shouts!
The hobgoblin shouts!
You hit the hobgoblin.
The hobgoblin is moderately wounded.
The hobgoblin barely misses you. The hobgoblin barely misses you.
The jackal bites you but does no damage.
The jackal bites you but does no damage.
You barely miss the jackal. The jackal bites you.
You hit the jackal.
The jackal is moderately wounded.
The jackal bites you.
A rat comes into view.
The jackal barely misses you.
You closely miss the jackal. The jackal completely misses you.
You barely miss the jackal. The jackal barely misses you.
The jackal misses you.
You hit the jackal. You drain the jackal.
You kill the jackal!
Cheibriados appreciates the change of pace.
You hit the hobgoblin. You drain the hobgoblin.
You kill the hobgoblin!
Cheibriados appreciates the change of pace.
You barely miss the hobgoblin.
The hobgoblin hits you but does no damage.
You closely miss the hobgoblin. The hobgoblin barely misses you.
You hit the hobgoblin.
The hobgoblin is almost dead.
The hobgoblin closely misses you.
You closely miss the hobgoblin.
The hobgoblin is almost dead.
The hobgoblin hits you.
You hit the hobgoblin.
You kill the hobgoblin!
Cheibriados appreciates the change of pace.
Training target 3.0 for Stealth reached!
Your Stealth skill increases to level 3!
You hit the rat.
You kill the rat!
Cheibriados appreciates the change of pace.
No target in view!
No target in view!
No target in view!
No target in view!
No target in view!
No target in view!
No target in view!
No target in view!
No target in view!
No target in view!
No target in view!
No target in view!
No target in view!
No target in view!
No target in view!
No target in view!
No target in view!
No target in view!
A hobgoblin comes into view.
A hobgoblin is nearby!
A hobgoblin is nearby!
Throwing (i - inventory)
f - 437 stones (quivered)
Press: ? - help, Shift-Dir - straight line, f - hobgoblin
Aim: a hobgoblin (hasn't noticed you)
You throw a stone. The stone barely misses the hobgoblin.
The hobgoblin shouts!
A jackal comes into view.
The hobgoblin barely misses you.
A worm comes into view.
The hobgoblin hits you.
You barely miss the hobgoblin. The hobgoblin misses you.
You completely miss the hobgoblin. The hobgoblin hits you.
You are too injured to fight recklessly!
The hobgoblin closely misses you. The jackal closely misses you.
The jackal bites you but does no damage.
The hobgoblin hits you.
There is a stone staircase leading up here.
The jackal misses you. The hobgoblin hits you. The jackal closely misses you.
You climb upwards.
There is a stone staircase leading down here.
You closely miss the hobgoblin. The hobgoblin hits you.
* * * LOW HITPOINT WARNING * * *
You closely miss the hobgoblin. The hobgoblin misses you.
You barely miss the hobgoblin. The hobgoblin hits you.
* * * LOW HITPOINT WARNING * * *
You hit the hobgoblin.
The hobgoblin is lightly wounded.
The hobgoblin hits you.
* * * LOW HITPOINT WARNING * * *
Evoke which item? (* to show all) (? for menu, Esc to quit)
Aiming: Paralyse
Press: ? - help, Shift-Dir - straight line, f - hobgoblin
Aim: a hobgoblin (lightly wounded, chance to defeat MR: 66%)
The hobgoblin suddenly stops moving!
The helpless hobgoblin fails to defend itself.
You puncture the hobgoblin!
You kill the hobgoblin!
You closely miss the jackal. The jackal bites you.
You die...

#.# #.# #.# #.#
########### #.# #.#
..........##########.# #.#
....#####.##.........# #.#
....# #.##.######.## #.#
....### #.##.# #.# #.#
#.....###.##.######.## #.#
'.....'........h@##..# #.#
#.....#...##.######♣.♣ #.#
###+###....#.# #.# #.#
###.###.#..#.####♣#♣.♣#♣##
#.#
#..........#.#..)........#
#.#
#.#.###.##.#.##.#♣#♣.♣#♣.#
#.# #.#.# #.##.#.##.#
#.##..# #.# #.#.#
#.##.#.##.# ♣.♣#.## #.#
#.#.###.##.#.##.####.##.#
#.#


You could see a jackal.

Vanquished Creatures
  2 dart slugs (D:1)
  A giant cockroach (D:1)
  A goblin (D:1)
  4 hobgoblins
  A jackal (D:2)
  3 bats (D:1)
  2 frilled lizards (D:1)
  3 rats
17 creatures vanquished.

Notes
Turn   | Place    | Note
-------+----------+-------------------------------------------
     0 | D:1      | MisterOstroum the Mummy Sloth Apostle began the quest for
                  | the Orb.
     0 | D:1      | Reached XP level 1. HP: 16/16 MP: 2/2
   629 | D:1      | Reached XP level 2. HP: 22/22 MP: 4/4
   901 | D:1      | Reached skill level 1 in Evocations
  1205 | D:2      | Found a sparkling altar of Nemelex Xobeh.
  1224 | D:2      | Reached skill level 3 in Stealth
  1261 | D:1      | HP: 1/23 [hobgoblin (2)]
  1264 | D:1      | Slain by a jackal

Skill      XL: |  1  2 |
---------------+-------+-----
Evocations     | 1 |  1.0
Stealth        | 3 |  3.0
Fighting       | |  2.4
Polearms       | |  1.7
Dodging        | |  0.4
Shields        | |  1.5
Spellcasting   | |  1.3
Hexes          | |  0.8

Action                   || total
-------------------------++-------
Melee: Spear             ||    22
       Dagger            ||    40
Throw: Stone             ||     1
Evoke: Wand              ||     1
 Stab: Sleeping          ||     3
       Paralysed         ||     1
Armor: Robe              ||    10
Dodge: Dodged            ||    35
